 Dungeon Crawl Stone Soup version bcrawl-1.41.1 (webtiles) character file.

Game seed: 7760237133322638950

148259 Grimmash the Sneak (level 4, 0/29 HPs)
             Began as a Formicid Archaeologist on Apr 18, 2024.
             Slain by a rat (2 damage)
             ... on level 3 of the Dungeon.
             The game lasted 00:02:07 (1610 turns).

Grimmash the Sneak (Formicid Archaeologist)         Turns: 1610, Time: 00:02:07

Health: 0/29       AC:  9    Str: 16    XL:     4   Next: 91%
Magic:  0/4        EV: 12    Int: 21    God:
Gold:   78         SH:  0    Dex: 16    Spells: 3/3 levels left

rFire    + . .     GDR:     29% a - +0 whip
rCold    . . .     SeeInvis +   (no shield)
rNeg     . . .     Gourm    .   y - +0 ring mail {rF+}
rPois    .         Faith    .   (helmet unavailable)
rElec    .         Spirit   +   l - scarf {Spirit}
rCorr    .         Reflect  .   (no gloves)
MR       .....                  d - +1 pair of boots
Stlth    ++........             (no amulet)
HPRegen  0.14/turn              w - +7 ring of dexterity
MPRegen  0.09/turn              z - ring of flight

@: brilliant
A: permanent stasis, dig shafts and tunnels, four strong arms, antennae 3, thin
metallic scales 1, clever 1, frail 1
a: Dig, Shaft Self, Evoke Flight


You were on level 3 of the Dungeon.
You were hungry.

You visited 1 branch of the dungeon, and saw 3 of its levels.

You collected 78 gold pieces.

Inventory:

Hand Weapons
 a - a +0 whip (weapon)
 b - a +0 hunting sling
 n - a +0 blowgun
Missiles
 h - 6 curare-tipped needles
 k - 285 arrows
 o - 578 stones (quivered)
Armour
 d - a +1 pair of boots (worn)
 l - a scarf of spirit shield (worn)
 y - a +0 ring mail of fire resistance (worn)
Jewellery
 w - a +7 ring of dexterity (left hand)
 z - a ring of flight (right hand)
Scrolls
 f - 2 scrolls of revelation
 i - 8 scrolls of identify
 m - a scroll of teleportation {unknown}
 p - a scroll of enchant weapon {unknown}
 t - 2 scrolls of enchant armour {unknown}
Potions
 c - a potion of lignification {unknown}
 j - a potion of agility
 q - a potion of mutation
 r - a potion of degeneration {unknown}
 s - a potion of might {unknown}
 u - 3 potions of brilliance
 v - a potion of curing {unknown}
Miscellaneous
 g - a dusty tome
Comestibles
 e - 3 rations {!d}
 x - 2 chunks of flesh


   Skills:
 * Level 1.8 Fighting
 * Level 1.5 Maces & Flails
 + Level 1.5 Slings
 * Level 1.4 Armour
 * Level 3.3 Dodging
 + Level 4.3 Stealth
 * Level 1.1 Evocations


You had 3 spell levels left.
You didn't know any spells.
Your spell library was empty.

Dungeon Overview and Level Annotations

Branches:
Dungeon (3/12)

Altars:


Innate Abilities, Weirdness & Mutations

You cannot be hasted, slowed, berserked, paralysed or teleported.
You can dig through walls and to a lower floor.
Your four strong arms can wield two-handed weapons with a shield.
You have a pair of large antennae on your head. (SInv)
You are partially covered in thin metallic scales. (AC +2)
Your mind is acute. (Int +2)
You are frail. (-10% HP)


Message History

You hit the hound but do no damage.
The hound is severely wounded.
The hound bites you but does no damage. The rat barely misses you.
The hound bites you.
* * * LOW HITPOINT WARNING * * *
You miss the hound.
The hound is severely wounded.
The hound misses you. The rat bites you.
* * * LOW HITPOINT WARNING * * *
No path to travel!
It was a potion of mutation.
You feel extremely strange.
You feel clever.
You feel frail.
Thin metallic scales grow over part of your body.
The hound barely misses you. The rat bites you but does no damage.
The hound bites you but does no damage.
No path to travel!
It was a potion of brilliance.
You feel clever all of a sudden. The hound bites you but does no damage.
The rat bites you.
You die...

.................
..#.##.#........
#............#.
.#.######..##..........
...................#.#.
.......[.........$.....
.......................
.
..###.##....#rh##..#...
## #.#.......@# ### #
##..# #.##....#..##
....###...........# {
..............#...+
##..##............# {
##..###†..........#
##..#............###
##....).....[........
..............#####.#


You could see a hound and a rat.

Vanquished Creatures
  A gnoll (D:2)
  An ooze (D:1)
  3 worms (D:2)
  6 dart slugs
  2 leopard geckos
  An orc (D:3)
  9 bats
  2 giant cockroaches
  2 goblins
  10 hobgoblins
  7 kobolds
  A quokka (D:2)
  3 frilled lizards
  8 rats
56 creatures vanquished.

Notes
Turn   | Place    | Note
-------+----------+-------------------------------------------
     0 | D:1      | Grimmash the Formicid Archaeologist began the quest for the
                  | Orb.
     0 | D:1      | Reached XP level 1. HP: 15/15 MP: 1/1
    58 | D:1      | Reached XP level 2. HP: 21/21 MP: 2/2
   289 | D:1      | Reached XP level 3. HP: 26/26 MP: 3/3
   886 | D:2      | Reached skill level 1 in Armour
   978 | D:2      | Reached XP level 4. HP: 32/32 MP: 4/4
  1005 | D:2      | Reached skill level 1 in Slings
  1005 | D:2      | Reached skill level 1 in Evocations
  1608 | D:3      | HP: 1/33 [rat (3)]
  1609 | D:3      | Gained mutation: Your mind is acute. (Int +2) [potion of
                  | mutation]
  1609 | D:3      | Gained mutation: You are frail. (-10% HP) [potion of
                  | mutation]
  1609 | D:3      | Gained mutation: You are partially covered in thin metallic
                  | scales. (AC +2) [potion of mutation]
  1610 | D:3      | Slain by a rat

Skill      XL: |  1  2  3  4 |
---------------+-------------+-----
Dodging        | 3 |  3.3
Armour         | 1 |  1.4
Slings         | 1 |  1.5
Evocations     | 1 |  1.1
Fighting       | |  1.8
Maces & Flails | |  1.5
Stealth        | |  4.3

Action                   |  1- 3 |  4- 6 || total
-------------------------+-------+-------++-------
Melee: Whip              |    50 |    23 ||    73
 Fire: Hunting sling     |    55 |    71 ||   126
  Use: Scroll            |     1 |     1 ||     2
       Potion            |       |     2 ||     2
 Stab: Sleeping          |     1 |       ||     1
  Eat: Chunk             |     3 |     4 ||     7
Armor: Robe              |    19 |       ||    19
       Ring mail         |       |    35 ||    35
Dodge: Dodged            |    27 |    33 ||    60
